 Dungeon Crawl Stone Soup version 0.14-a0-2162-g062a2ce (webtiles) character file.

811 Kae the Ruinous (level 7, -1/36 HPs)
             Began as a Tengu Fire Elementalist on Jan 28, 2014.
             Was a Follower of Vehumet.
             Slain by Pikel
             ... wielding a +1,+2 whip of electrocution
              (10 damage)
             ... on Level 5 of the Dungeon.
             The game lasted 00:16:37 (4831 turns).

Kae the Ruinous (Tengu Fire Elementalist)           Turns: 4831, Time: 00:16:37

HP  -1/36        AC  4     Str  8      XL: 7   Next: 50%
MP   0/15        EV 13     Int 15      God: Vehumet [*.....]
Gold 173         SH  0     Dex 17      Spells:  5 memorised,  2 levels left

rFire  . . .     SeeInvis .     (no weapon)
rCold  . . .     Clarity  .     a - -1 robe
rNeg   . . .     Conserve .     (no shield)
rPois  .         rCorr    .     h - +1 elf hat
rElec  .         rRot     .     t - +0 cloak
SustAb . .       Spirit   .     i - +0 pair of gloves {archer}
rMut   .         Warding  .     (boots unavailable)
Saprov . . .     Stasis   .     (no amulet)
MR     .....                    (no ring)
                                d - ring of wizardry

@: very slightly contaminated, not resistant to hostile enchantments, stealthy
A: able to fly, beak, talons 3, thin skeletal structure 1, dopey 1, herbivore 1,
low mp 1, screaming 1, spit poison 1, wild magic 2
a: Spit Poison, Fly, Renounce Religion


You were on level 5 of the Dungeon.
You worshipped Vehumet.
Vehumet was aware of your devotion.
You were hungry.

You visited 1 branch of the dungeon, and saw 5 of its levels.

You collected 173 gold pieces.

Inventory:

Armour
 a - a -1 robe (worn)
 h - a +1 elven hat (worn)
 i - a +0 pair of gloves of archery (worn)
 t - a +0 cloak (worn)
Magical devices
 e - a wand of frost (0)
Comestibles
 c - 3 bread rations
 f - a meat ration
 g - a chunk of worker ant flesh
 m - 3 pears
Scrolls
 j - 3 scrolls of remove curse
 l - a scroll of teleportation
 o - a scroll of amnesia
 q - 8 scrolls of identify
Jewellery
 d - a ring of wizardry (left hand)
 n - an uncursed ring of teleportation
Potions
 p - a potion of curing
Books
 b - a book of Flames

   Spells                             Type                      Level
   *Flame Tongue                      Conjuration/Fire             1
   *Throw Flame                       Conjuration/Fire             2
   *Conjure Flame                     Conjuration/Fire             3
   Inner Flame                        Hexes/Fire                   3
   *Sticky Flame                      Conjuration/Fire             4
   Fireball                           Conjuration/Fire             5
 r - a book of Power

   Spells                             Type                      Level
   Iskenderun's Mystic Blast          Conjuration                  4
   Venom Bolt                         Conjuration/Poison           5
   Bolt of Magma                      Conjuration/Fire/Earth       5
   Fulminant Prism                    Conjuration/Hexes            5
   Iron Shot                          Conjuration/Earth            6
   Orb of Destruction                 Conjuration                  7


   Skills:
 - Level 2.1 Dodging
 - Level 2.0 Stealth
 + Level 3.8 Spellcasting
 * Level 6.7 Conjurations
 * Level 6.2 Fire Magic


You had 2 spell levels left.
You knew the following spells:

 Your Spells              Type           Power        Failure   Level  Hunger
a - Flame Tongue          Conj/Fire      #####        3%          1    None
b - Throw Flame           Conj/Fire      #####.       4%          2    ##.....
c - Conjure Flame         Conj/Fire      #####...     8%          3    ###....
d - Sticky Flame          Conj/Fire      #####...     19%         4    ####...
e - Shock                 Conj/Air       ####         10%         1    None


Dungeon Overview and Level Annotations

Branches:
Dungeon (5/16)
 Temple: D:4-7

Altars:
Ashenzari
Elyvilon
Trog
Vehumet

Annotations:
D:5 Pikel


Innate Abilities, Weirdness & Mutations

You can fly.
You have a beak for a mouth.
You have claws for feet.
You have a somewhat thin skeletal structure (Dex +2, Stlth).
You are dopey. (Int -2)
You digest meat inefficiently.
Your magical capacity is low (-10% MP).
You occasionally shout uncontrollably.
You can spit poison.
Your spells are harder to cast, but more powerful.


Message History

You miscast Flame Tongue.
You are very lightly contaminated with residual magic.
Sparks fly from your hands!
Your resistance to elements expires.
Pikel burns!
Pikel closely misses you.
Casting: Flame Tongue
Confirm with . or Enter, or press ? or * to list all spells.
You don't have enough magic to cast that spell.
You barely miss Pikel. Your peck misses Pikel.
Pikel is heavily wounded.
Pikel burns!
Pikel hits you with a glowing whip.
* * * LOW HITPOINT WARNING * * *
You hit Pikel but do no damage. Your peck misses Pikel.
Pikel is heavily wounded.
Pikel burns!
Pikel hits you with a glowing whip.
* * * LOW HITPOINT WARNING * * *
You barely miss Pikel. Your kick misses Pikel.
Pikel is heavily wounded.
Pikel burns!
Pikel hits you with a glowing whip!
You die...

#..............#
#........#####.#
###........# #.#
.)#........#####.#######
.....)...................
..#.####..######.#######
..#.# #..# #.# ..#.# #..#
#.# ..... ...# #@# .#...
.... #K# .#........ #@#
.#.... . #@# .#..... #.#
...... #.# . . #.# #.#
#.#


You could see Pikel (burning) and 2 slaves.

Vanquished Creatures
  Eustachio (D:4)
  2 slaves (D:5)
  A hound (D:5)
  3 jellies (D:5)
  3 orc wizards
  An iguana (D:4)
  2 worker ants
  Ijyb (D:3)
  A hound skeleton (D:4)
  3 gnolls (D:4)
  5 adders
  A worm (D:3)
  An adder skeleton (D:5)
  A giant eyeball (D:4)
  A giant gecko (D:3)
  10 orcs
  A ball python (D:3)
  A giant cockroach (D:2)
  13 goblins
  7 hobgoblins
  6 jackals
  7 quokkas
  7 bats
  4 giant newts
  13 kobolds
  6 rats
102 creatures vanquished.

Vanquished Creatures (others)
  A giant cockroach (D:3)
1 creature vanquished.

Grand Total: 103 creatures vanquished

Notes
Turn   | Place    | Note
--------------------------------------------------------------
     0 | D:1      | Kae, the Tengu Fire Elementalist, began the quest for the Orb.
     0 | D:1      | Reached XP level 1. HP: 10/10 MP: 3/3
   307 | D:1      | Reached XP level 2. HP: 15/15 MP: 1/5
  1293 | D:2      | Reached XP level 3. HP: 16/19 MP: 2/7
  1392 | D:2      | Reached skill level 4 in Fire Magic
  1923 | D:3      | Found a white marble altar of Elyvilon.
  1931 | D:3      | Reached XP level 4. HP: 24/24 MP: 6/9
  2161 | D:3      | Found a radiant altar of Vehumet.
  2326 | D:3      | Reached XP level 5. HP: 22/28 MP: 0/11
  2426 | D:3      | Became a worshipper of Vehumet
  2546 | D:3      | Found a bloodstained altar of Trog.
  2697 | D:3      | Noticed Ijyb
  2711 | D:3      | Learned a level 2 spell: Throw Flame
  2715 | D:3      | Learned a level 3 spell: Conjure Flame
  2809 | D:3      | Killed Ijyb
  3107 | D:4      | Gained mutation: You have a somewhat thin skeletal structure (Dex +2, Stlth). [potion of mutation]
  3107 | D:4      | Gained mutation: You are dopey. (Int -2) [potion of mutation]
  3108 | D:4      | Gained mutation: You digest meat inefficiently. [potion of mutation]
  3108 | D:4      | Gained mutation: You have a slow metabolism. [potion of mutation]
  3108 | D:4      | Gained mutation: You can spit poison. [potion of mutation]
  3109 | D:4      | Lost mutation: You have a slow metabolism. [potion of mutation]
  3109 | D:4      | Gained mutation: You occasionally shout uncontrollably. [potion of mutation]
  3109 | D:4      | Gained mutation: Your spells are a little harder to cast, but a little more powerful. [potion of mutation]
  3110 | D:4      | Gained mutation: Your magical capacity is low (-10% MP). [potion of mutation]
  3110 | D:4      | Gained mutation: Your spells are harder to cast, but more powerful. [potion of mutation]
  3123 | D:4      | Noticed Eustachio
  3172 | D:4      | Reached skill level 5 in Conjurations
  3172 | D:4      | Reached skill level 5 in Fire Magic
  3172 | D:4      | Reached XP level 6. HP: 5/32 MP: 1/11
  3337 | D:4      | Acquired Vehumet's first power
  3337 | D:4      | Offered knowledge of Shock by Vehumet.
  3748 | D:4      | Learned a level 1 spell: Shock
  3753 | D:4      | Learned a level 4 spell: Sticky Flame
  3824 | D:4      | Found a shattered altar of Ashenzari.
  4274 | D:4      | Killed Eustachio
  4274 | D:4      | Reached skill level 6 in Conjurations
  4274 | D:4      | Reached XP level 7. HP: 33/36 MP: 6/15
  4305 | D:5      | Entered Level 5 of the Dungeon
  4803 | D:5      | Noticed Pikel
  4831 | D:5      | Slain by Pikel

Action                   |  1- 3 |  4- 6 |  7- 9 || total
-------------------------+-------+-------+-------++-------
Melee: Unarmed           |    30 |    75 |     8 ||   113
Throw: Tomahawk          |       |       |     3 ||     3
 Cast: Flame Tongue      |    44 |   121 |    47 ||   212
       Conjure Flame     |       |     1 |     1 ||     2
       Throw Flame       |       |     4 |       ||     4
       Sticky Flame      |       |       |     1 ||     1
 Abil: Spit Poison       |       |     2 |       ||     2
  Use: Scroll            |       |    11 |     1 ||    12
       Potion            |       |    10 |     2 ||    12
